 Dungeon Crawl Stone Soup version 0.17-b1-25-g6d8775f (console) character file.

41 gw the Skirmisher (level 3, 33/33 HPs)
             Began as a Hill Orc Fighter on Nov 6, 2015.
             Quit the game on level 1 of the Dungeon.
             The game lasted 00:04:08 (1424 turns).

gw the Skirmisher (Hill Orc Fighter)                Turns: 1424, Time: 00:04:08

Health: 33/33      AC:  7    Str: 18    XL:     3   Next: 52%
Magic:  3/3        EV:  7    Int:  8    God:
Gold:   102        SH:  9    Dex: 11    Spells: 0 memorised, 2 levels left

rFire  . . .     SeeInvis .     a - -2 whip (curse)
rCold  . . .     Clarity  .     b - +0 scale mail
rNeg   . . .     SustAt   .     c - +0 shield
rPois  .         Gourm    .     (no helmet)
rElec  .         Spirit   .     (no cloak)
rCorr  .         Warding  .     (no gloves)
rMut   .         Stasis   .     (no boots)
MR     .....                    (no amulet)
Stlth  ..........               (no ring)
                                (no ring)

@: not resistant to hostile enchantments, extremely unstealthy
A: no striking features
a: no special abilities


You were on level 1 of the Dungeon.
You were not hungry.

You visited 1 branch of the dungeon, and saw 1 of its levels.

You collected 102 gold pieces.

Inventory:

Hand Weapons
 a - a cursed -2 whip (weapon)
Missiles
 f - 26 bolts
Armour
 b - a +0 scale mail (worn)
 c - a +0 shield (worn)
Comestibles
 e - 3 bread rations


   Skills:
 + Level 4.0 Fighting
   Level 2.6(3.1) Axes
 * Level 1.9(2.4) Maces & Flails
 + Level 3.8 Armour
 + Level 3.4 Shields


You had 2 spell levels left.
You didn't know any spells.

Dungeon Overview and Level Annotations

Branches:
Dungeon (1/15)

Altars:

Annotations:
D:1 1 runed door


Message History

Unknown command.
Unknown command.
Unknown command.
Unknown command.
Unknown command.
Unknown command.
Unknown command.
Search for what [Enter for "glowing drain || sand-covered staircase || flagged portal || frozen archway || dark tunnel || magical portal", or ? for help]? altar&&okawaru|yredelemnul|makhleb|qazlal|cheibriados|lugonu|xom|the shining one|zin|trog Can't find anything matching that.
Sorry, you're not good enough to have a special ability.
Search for what [Enter for "altar&&okawaru|yredelemnul|makhleb|qazlal|cheibriados|lugonu|xom|the shining one|zin|trog", or ? for help]? glowing drain || sand-covered staircase || flagged portal || frozen archway || dark tunnel || magical portal Can't find anything matching that.
Sorry, you're not good enough to have a special ability.
Quiver which item? (- for none, * to show all) (? for menu, Esc to quit)
Reset throwing quiver to default.
Unknown command.
Unknown command.
Unknown command.
Infinite lua loop detected, aborting.
Are you sure you want to abandon this character and quit the game? (Confirm with "yes".)

##.# #.# ####.####.#####.# ...#
#.## #....# #.## #)# ...#
#..####.##.####..## #.# ####
#.....)...........###.#
#########.###'#######'###..##.#
.......##.#..}...>...}..#..##.#
######.##)#......<.....?#..##(#
######.##.'}....###....}+.).(.#
.....#.##.#.....o.......#..####
####.#....#######+#######.##
#.#.#..#.JsJJhJhw. #.#
#.#.##.#.rJwJJJ..... #.#
#.#.##.#...h.r.......#.#
#.#.#..###############.#
####.#.#.....?............#
#..[.......#####..###.#.###
#.##.#.....# #.........#


You could see 2 worms, 8 oozes, 2 jackals, a giant cockroach and 2 rats.

Table legend:
 A = Turns spent in this place as a percentage of turns spent in the entire game.
 B = Non-inter-level travel turns spent in this place as a percentage of non-inter-level travel turns spent in the entire game.
 C = Inter-level travel turns spent in this place as a percentage of turns spent in this place.
 D = Turns resting spent in this place as a percentage of non-inter-level travel turns spent in this place.
 E = Turns spent auto-exploring this place as a percentage of non-inter-level travel turns spent in this place.
 F = Non-inter-level travel turns spent in this place divided by the number of levels of this place that you've seen.
                   A       B       C       D       E      F
               +-------+-------+-------+-------+-------+----------------------
         Total | 100.0 | 100.0 |   0.2 |   0.4 |   3.6 | 5755.0
       Dungeon | 100.0 | 100.0 |   0.2 |   0.4 |   3.6 | 5755.0
               +-------+-------+-------+-------+-------+----------------------

Table legend:
 A = Kills in this place as a percentage of kills in entire the game.
 B = Kills by you in this place as a percentage of kills by you in the entire game.
 C = Kills by friends in this place as a percentage of kills by friends in the entire game.
 D = Other kills in this place as a percentage of other kills in the entire game.
 E = Experience gained in this place as a percentage of experience gained in the entire game.
 F = Experience gained in this place divided by the number of levels of this place that you have seen.
                   A       B       C       D       E      F
               +-------+-------+-------+-------+-------+----------------------
         Total | 100.0 | 100.0 |  -nan |  -nan | 100.0 |  59.0
       Dungeon | 100.0 | 100.0 |  -nan |  -nan | 100.0 |  59.0
               +-------+-------+-------+-------+-------+----------------------

Vanquished Creatures
  2 oozes (D:1)
  A ball python (D:1)
  3 bats (D:1)
  5 goblins (D:1)
  3 hobgoblins (D:1)
  2 jackals (D:1)
  A giant newt (D:1)
  7 kobolds (D:1)
  5 rats (D:1)
29 creatures vanquished.

Notes
Turn   | Place    | Note
--------------------------------------------------------------
     0 | D:1      | gw the Hill Orc Fighter began the quest for the Orb.
     0 | D:1      | Reached XP level 1. HP: 19/19 MP: 1/1
     1 | D:1      | Found a runed door.
   234 | D:1      | Reached XP level 2. HP: 14/27 MP: 2/2
   419 | D:1      | Reached skill level 1 in Maces & Flails
   655 | D:1      | Reached XP level 3. HP: 23/33 MP: 3/3
  1213 | D:1      | Reached skill level 4 in Fighting
  1424 | D:1      | Quit the game

Action                   || total
-------------------------++-------
Melee: Whip              ||   191
       War axe           ||     6
  Use: Potion            ||     1
  Eat: Chunk             ||     2

Vault maps used:
D:1:      dpeg_arrival_caged_fury
